Workbook
Name _____LO25: #REF!
Name _____LO25: #REF!
Name ____LO25: #REF!
Name ____LO25: #REF!
Name ___LO25: #REF!
Name ___LO25: #REF!
Name __LO25: #REF!
Name __LO25: #REF!
Name __xlfn_IFERROR: #N/A
Name _LO25: #REF!
Name _LO25: #REF!
Name _LO25: #REF!
Name AbaDeprec: '[1]4. Depreciação'!$A$1
Name AbaDeprec: '[2]8 Depr'!$A$1
Name AbaDeprec: '6. Depreciação'!$A$1
Name AbaRemun: #REF!
Name AbaRemun: #REF!
Name AbaRemun: #REF!
Name AbaRemun: #REF!
Name AbaRemun: #REF!
Name Horário: #REF!
Name Horário: #REF!
Name Horário: #REF!
Name Horário: #REF!
Name sesi: #REF!
Name sesi: #REF!

Sheet Resumo
A1: Prefeitura Municipal de São Marcos
A2: Resumo Custo Edital Coleta de Resíduos Sólidos Domiciliares
A3: Ordem | B3: Descrição dos Serviços | C3: PO R$
A4: 1 | B4: Coleta orgânica e seletiva | C4: ='1. Coleta Orgânica e Seletiva'!F254 -> 198407.22
A5: 2 | B5: Operação Área de Transbordo | C5: ='2 Área de Transbordo'!F144 -> 19321.48
A6: 3 | B6: Higienização e manutenção de Contentores | C6: ='3. Contentores'!F36 -> 4813.7326
A8: Total Geral | C8: =SUM(C4:C7) -> 222542.44
A11: São Marcos, 31 de março de 2025

Sheet 1. Coleta Orgânica e Seletiva
A1: Orientações para preenchimento:
A2: 1. Esta planilha é somente um modelo-base. Qualquer custo previsto no edital e não contemplado nesta planilha deverá ser devidamente incluído
A3: 2. Preencher somente células em amarelo
A4: 3. As células azuis deverão ter seus valores preenchidos em outra planilha do arquivo.
A5: PREFEITURA MUNICIPAL DE SÃO MARCOS
A6: 1. Coleta de Resíduos Orgânicos e Seletivos
A7: Planilha de Composição de Custos
A9: Orçamento Sintético
A10: Descrição do Item | E10: Custo (R$/mês) | F10: %
A11: =A47 -> 1. Mão-de-obra | E11: =+F104 -> 69022.589 | F11: =IFERROR(E11/$E$32,0) -> 0.34788344
A12: =A48 -> 1.1. Coletor Turno Dia | E12: =F56 -> 34287.542 | F12: =IFERROR(E12/$E$32,0) -> 0.17281398
A13: =A58 -> 1.2. Motorista Turno do Dia | E13: =F68 -> 22596.268 | F13: =IFERROR(E13/$E$32,0) -> 0.11388833
A14: =A70 -> 1.3. Supervisor Administrativo (Encarregado) | E14: =F77 -> 4634.28 | F14: =IFERROR(E14/$E$32,0) -> 0.023357416
A15: =A79 -> 1.4. Vale Transporte | E15: =F85 -> 519.8832 | F15: =IFERROR(E15/$E$32,0) -> 0.0026202836
A16: =A87 -> 1.5. Vale Alimentação | E16: =F92 -> 6691.815 | F16: =IFERROR(E16/$E$32,0) -> 0.033727678
A17: =A94 -> 1.6. Seguro de vida | E17: =F97 -> 100.00091 | F17: =IFERROR(E17/$E$32,0) -> 0.00050401849
A18: =A99 -> 1.7. Plano de benefício Social | E18: =F102 -> 192.8 | F18: =IFERROR(E18/$E$32,0) -> 0.00097173881
A19: =A106 -> 2. Uniformes e Equipamentos de Proteção Individual | E19: =+F137 -> 1482.0292 | F19: =IFERROR(E19/$E$32,0) -> 0.0074696334
A20: =A139 -> 3. Veículos e Equipamentos | E20: =+F214 -> 81144.741 | F20: =IFERROR(E20/$E$32,0) -> 0.40898078
A21: =A140 -> 3.1. Veículo Coletor Compactador .... m³ | E21: =SUM(E22:E27) -> 81144.741 | F21: =IFERROR(E21/$E$32,0) -> 0.40898078
A22: =A141 -> 3.1.1. Depreciação | E22: =F156 -> 22272.202 | F22: =IFERROR(E22/$E$32,0) -> 0.112255
A23: =A158 -> 3.1.2. Remuneração do Capital | E23: =F172 -> 18654.89 | F23: =IFERROR(E23/$E$32,0) -> 0.094023237
A24: =A174 -> 3.1.3. Impostos e Seguros | E24: =F180 -> 2701.4779 | F24: =IFERROR(E24/$E$32,0) -> 0.013615824
A25: =A182 -> 3.1.4. Consumos | E25: =F200 -> 26470.19 | F25: =IFERROR(E25/$E$32,0) -> 0.13341344
A26: =A201 -> 3.1.5. Manutenção | E26: =F204 -> 8305.2489 | F26: =IFERROR(E26/$E$32,0) -> 0.041859609
A27: =A205 -> 3.1.6. Pneus | E27: =F212 -> 2740.7321 | F27: =IFERROR(E27/$E$32,0) -> 0.013813671
A28: =A216 -> 4. Ferramentas e Materiais de Consumo | E28: =+F226 -> 303.33333 | F28: =IFERROR(E28/$E$32,0) -> 0.0015288422
A29: =A228 -> 5. Administração Local | E29: =+F233 -> 5900 | F29: =IFERROR(E29/$E$32,0) -> 0.02973682
A30: =A235 -> 6. Monitoramento da Frota | E30: =F243 -> 140.00127 | F30: =IFERROR(E30/$E$32,0) -> 0.00070562588
A31: =A247 -> 7. Benefícios e Despesas Indiretas - BDI | E31: =+F252 -> 40414.531 | F31: =IFERROR(E31/$E$32,0) -> 0.20369486
A32: PREÇO TOTAL MENSAL COM A COLETA | E32: =E11+E19+E20+E28+E29+E31+E30 -> 198407.22 | F32: =F11+F19+F20+F28+F29+F31+F30 -> 1
A35: Quantitativos
A36: Mão-de-obra | E36: Quantidade
A37: =+A48 -> 1.1. Coletor Turno Dia | E37: 8
A38: =+A58 -> 1.2. Motorista Turno do Dia | E38: 4
A39: =+A70 -> 1.3. Supervisor Administrativo (Encarregado) | E39: =C76 -> 1
A40: Total de mão-de-obra (postos de trabalho) | E40: =SUM(E37:E39) -> 13
A42: Veículos e Equipamentos | E42: Quantidade
A43: =+A140 -> 3.1. Veículo Coletor Compactador .... m³ | E43: 4
A45: Fator de utilização (FU) | B45: ='8.Horários'!F46 -> 0.89768182
A47: 1. Mão-de-obra
A48: 1.1. Coletor Turno Dia
A49: Discriminação | B49: Unidade | C49: Quantidade | D49: Custo unitário | E49: Subtotal | F49: Total (R$)
A50: Piso da categoria | B50: mês | C50: 1 | D50: 1949.91 | E50: =C50*D50 -> 1949.91
A51: Adicional de Insalubridade | B51: % | C51: 40 | D51: =SUM(E50:E50) -> 1949.91 | E51: =C51*D51/100 -> 779.964
A52: Soma | E52: =SUM(E50:E51) -> 2729.874
A53: Encargos Sociais | B53: % | C53: ='4.Encargos Sociais'!$C$34*100 -> 71.64 | D53: =E52 -> 2729.874 | E53: =D53*C53/100 -> 1955.6817
A54: Total por Coletor | E54: =E52+E53 -> 4685.5557
A55: Total do Efetivo | B55: homem | C55: =E37 -> 8 | D55: =E54 -> 4685.5557 | E55: =C55*D55 -> 37484.446
D56: Fator de utilização | E56: =$B$45 -> 0.89768182 | F56: =(((E50+E53)*E56)+E51)*C55 -> 34287.542
A58: 1.2. Motorista Turno do Dia
A59: Discriminação | B59: Unidade | C59: Quantidade | D59: Custo unitário | E59: Subtotal | F59: Total (R$)
A60: Piso da categoria (1) | B60: mês | C60: 1 | D60: 2684 | E60: =C60*D60 -> 2684
A61: Salário mínimo nacional (2) | B61: mês | C61: 1 | D61: 1518
A62: Base de cálculo da Insalubridade | C62: 1
A63: Adicional de Insalubridade | B63: % | C63: 40 | D63: =IF(C62=2,SUM(E60:E61),IF(C62=1,(SUM(E60:E61))*D61/D60,0)) -> 1518 | E63: =C63*D63/100 -> 607.2
A64: Soma | E64: =SUM(E60:E63) -> 3291.2
A65: Encargos Sociais | B65: % | C65: ='4.Encargos Sociais'!$C$34*100 -> 71.64 | D65: =E64 -> 3291.2 | E65: =D65*C65/100 -> 2357.8157
A66: Total por Motorista | E66: =E64+E65 -> 5649.0157
A67: Total do Efetivo | B67: homem | C67: =E38 -> 4 | D67: =E66 -> 5649.0157 | E67: =C67*D67 -> 22596.063
D68: Fator de utilização | E68: ='8.Horários'!F58 -> 1.0000091 | F68: =E67*E68 -> 22596.268
A70: 1.3. Supervisor Administrativo (Encarregado)
A71: Discriminação | B71: Unidade | C71: Quantidade | D71: Custo unitário | E71: Subtotal | F71: Total (R$)
A72: Piso da categoria | B72: mês | C72: 1 | D72: 2700 | E72: =C72*D72 -> 2700
A73: Soma | E73: =SUM(E72:E72) -> 2700
A74: Encargos Sociais | B74: % | C74: ='4.Encargos Sociais'!$C$34*100 -> 71.64 | D74: =E73 -> 2700 | E74: =D74*C74/100 -> 1934.28
A75: Total por Encarregado | E75: =E73+E74 -> 4634.28
A76: Total do Efetivo | B76: homem | C76: 1 | D76: =E75 -> 4634.28 | E76: =C76*D76 -> 4634.28
A77: Obs: considerado 44 horas de trabalho na semana. | D77: Fator de utilização | E77: =44/44 -> 1 | F77: =E76*E77 -> 4634.28
A79: 1.4. Vale Transporte
A80: Discriminação | B80: Unidade | C80: Quantidade | D80: Custo unitário | E80: Subtotal | F80: Total (R$)
A81: Vale Transporte | B81: R$ | C81: 1 | D81: 3.5
A82: Dias Trabalhados por mês | B82: dia | C82: 25
A83: Coletor | B83: vale | C83: =C82*C55*2 -> 400 | D83: =D81-(E50/50*0.06) -> 1.160108 | E83: =IFERROR(C83*D83,"-") -> 464.0432
A84: Motorista | B84: vale | C84: =C82*C67*2 -> 200 | D84: =D81-(E60/50*0.06) -> 0.2792 | E84: =IFERROR(C84*D84,"-") -> 55.84
A85: Obs: sobre o valor unitário do vale transporte já foi descontado 6% do salário bruto. | F85: =SUM(E83:E84) -> 519.8832
A87: 1.5. Vale Alimentação
A88: Discriminação | B88: Unidade | C88: Quantidade | D88: Custo unitário | E88: Subtotal | F88: Total (R$)
A89: =+A83 -> Coletor | B89: unidade | C89: =(C55)*C82 -> 200 | D89: =25.42*0.81 -> 20.5902 | E89: =C89*D89 -> 4118.04
A90: Motorista | B90: unidade | C90: =C67*C82 -> 100 | D90: =25.42*0.81 -> 20.5902 | E90: =C90*D90 -> 2059.02
A91: Supervisor | B91: unidade | C91: =C76*C82 -> 25 | D91: =25.42*0.81 -> 20.5902 | E91: =C91*D91 -> 514.755
F92: =SUM(E89:E91) -> 6691.815
A94: 1.6. Seguro de vida
A95: Discriminação | B95: Unidade | C95: Quantidade | D95: Custo unitário | E95: Subtotal | F95: Total (R$)
A96: Motorista (Seguro de vida) | B96: Mês | C96: =C67 -> 4 | D96: 25 | E96: =C96*D96 -> 100
D97: Fator de utilização | E97: =E68 -> 1.0000091 | F97: =SUM(E96:E96)*E97 -> 100.00091
A99: 1.7. Plano de benefício Social
A100: Discriminação | B100: Unidade | C100: Quantidade | D100: Custo unitário | E100: Subtotal | F100: Total (R$)
A101: Plano de Benefício Social | B101: unidade | C101: =C55 -> 8 | D101: 24.1 | E101: =C101*D101 -> 192.8
D102: Fator de utilização | E102: 1 | F102: =SUM(E101:E101)*E102 -> 192.8
A104: Custo Mensal com Mão-de-obra (R$/mês) | F104: =F102+F92+F85+F77+F68+F56+F97 -> 69022.589
A106: 2. Uniformes e Equipamentos de Proteção Individual
A107: 2.1. Uniformes e EPIs para Coletor
A108: Discriminação | B108: Unidade | C108: Durabilidade (meses) | D108: Custo unitário | E108: Subtotal | F108: Total (R$)
A109: Jaqueta com reflexivo (NBR 15.292) | B109: unidade | C109: 12 | D109: 170 | E109: =IFERROR(D109/C109,0) -> 14.166667
A110: Calça | B110: unidade | C110: 6 | D110: 75 | E110: =IFERROR(D110/C110,0) -> 12.5
A111: Camiseta manga curta com reflexivo | B111: unidade | C111: 4 | D111: 45 | E111: =IFERROR(D111/C111,0) -> 11.25
A112: Camiseta manga longa com reflexivo | B112: unidade | C112: 4 | D112: 43 | E112: =IFERROR(D112/C112,0) -> 10.75
A113: Bermudas | B113: unidade | C113: 6 | D113: 48 | E113: =IFERROR(D113/C113,0) -> 8
A114: Chapeu ou Boné tipo arabé | B114: unidade | C114: 6 | D114: 50 | E114: =IFERROR(D114/C114,0) -> 8.3333333
...

Sheet 2 Área de Transbordo
A1: Orientações para preenchimento:
A2: 1. Esta planilha é somente um modelo-base, devendo ser adaptada para cada caso concreto.
A3: Qualquer custo previsto no edital e não contemplado nesta planilha deverá ser devidamente incluído.
A4: 2. Antes de preenchê-la, leia com atenção
A5: 3. Preencher somente células em amarelo
A6: 4. As células azuis deverão ter seus valores preenchidos em outra planilha do arquivo.
A8: O TCE/RS não se responsabiliza pelo uso incorreto desta planilha.
A9: O orçamento deve ser realizado por responsável técnico habilitado e é de responsabilidade do seu autor.
A11: Prefeitura Municipal de São Marcos
A12: Item 2 - Operação da Área de Transbordo
A13: Planilha de Composição de Custos
A15: Orçamento Sintético
A16: Descrição do Item | E16: Custo (R$/mês) | F16: %
A17: =A43 -> 1. Mão-de-obra | E17: =+F70 -> 6202.7307 | F17: =IFERROR(E17/$E$31,0) -> 0.32102772
A18: =A44 -> 1.1. Operador de Máquinas | E18: =F52 -> 5649.0157 | F18: =IFERROR(E18/$E$31,0) -> 0.29236972
A19: =A54 -> 1.2. Vale Transporte | E19: =F59 -> 13.96 | F19: =IFERROR(E19/$E$31,0) -> 0.00072251194
A20: =A61 -> 1.3. Vale Alimentação | E20: =F64 -> 514.755 | F20: =IFERROR(E20/$E$31,0) -> 0.026641593
A21: =A65 -> 1.4. Plano de Benefício Social (Seguro de vida) | E21: =F68 -> 25 | F21: =IFERROR(E21/$E$31,0) -> 0.0012938967
A22: =A72 -> 2. Uniformes e Equipamentos de Proteção Individual | E22: =+F90 -> 131.53333 | F22: =IFERROR(E22/$E$31,0) -> 0.006807622
A23: =A92 -> 3. Veículos e Máquinas | E23: =+F132 -> 9051.53 | F23: =IFERROR(E23/$E$31,0) -> 0.4684698
A24: =A93 -> 3.1. Retroescavadeira | E24: =SUM(E25:E29) -> 9051.53 | F24: =IFERROR(E24/$E$31,0) -> 0.4684698
A25: =A94 -> 3.1.1. Depreciação | E25: =F102 -> 1178.8333 | F25: =IFERROR(E25/$E$31,0) -> 0.061011544
A26: =A104 -> 3.1.2. Remuneração do Capital | E26: =F112 -> 969.78 | F26: =IFERROR(E26/$E$31,0) -> 0.050191807
A27: =A114 -> 3.1.3. Impostos e Seguros | E27: =F118 -> 291.66667 | F27: =IFERROR(E27/$E$31,0) -> 0.015095462
A28: =A119 -> 3.1.4. Consumos de óleo diesel | E28: =F125 -> 3611.25 | F28: =IFERROR(E28/$E$31,0) -> 0.18690338
A29: =A127 -> 3.1.5. Manutenção/Consumos | E29: =F130 -> 3000 | F29: =IFERROR(E29/$E$31,0) -> 0.15526761
A30: =A137 -> 4. Benefícios e Despesas Indiretas - BDI | E30: =+F142 -> 3935.6861 | F30: =IFERROR(E30/$E$31,0) -> 0.20369486
A31: PREÇO TOTAL MENSAL COM A COLETA | E31: =E17+E22+E23+E30 -> 19321.48 | F31: =F17+F22+F23+F30 -> 1
A33: Quantitativos
A34: Mão-de-obra | E34: Quantidade
A35: =+A44 -> 1.1. Operador de Máquinas | E35: =C51 -> 1
A36: Total de mão-de-obra (postos de trabalho) | E36: =SUM(E35:E35) -> 1
A38: Veículos e Equipamentos | E38: Quantidade
A39: =+A93 -> 3.1. Retroescavadeira | E39: =C101 -> 1
A41: Fator de utilização (FU) | B41: 1
A43: 1. Mão-de-obra
A44: 1.1. Operador de Máquinas
A45: Discriminação | B45: Unidade | C45: Quantidade | D45: Custo unitário | E45: Subtotal | F45: Total (R$)
A46: Piso da categoria | B46: mês | C46: 1 | D46: 2684 | E46: =C46*D46 -> 2684
A47: Adicional de Insalubridade | B47: % | C47: 40 | D47: 1518 | E47: =C47*D47/100 -> 607.2
A48: Soma | E48: =SUM(E46:E47) -> 3291.2
A49: Encargos Sociais | B49: % | C49: ='4.Encargos Sociais'!C34*100 -> 71.64 | D49: =E48 -> 3291.2 | E49: =D49*C49/100 -> 2357.8157
A50: Total por funcionário | E50: =E48+E49 -> 5649.0157
A51: Total do Efetivo | B51: homem | C51: 1 | D51: =E50 -> 5649.0157 | E51: =C51*D51 -> 5649.0157
D52: Fator de utilização | E52: =B41 -> 1 | F52: =E51*E52 -> 5649.0157
A54: 1.2. Vale Transporte
A55: Discriminação | B55: Unidade | C55: Quantidade | D55: Custo unitário | E55: Subtotal | F55: Total (R$)
A56: Vale Transporte | B56: R$ | C56: 1 | D56: 3.5
A57: Dias Trabalhados por mês | B57: dia | C57: 25
A58: Operador | B58: vale | C58: =$C$57*2*(C51) -> 50 | D58: =D56-((E46*0.06)/C58) -> 0.2792 | E58: =IFERROR(C58*D58,"-") -> 13.96
F59: =SUM(E58:E58) -> 13.96
A61: 1.3. Vale Alimentação
A62: Discriminação | B62: Unidade | C62: Quantidade | D62: Custo unitário | E62: Subtotal | F62: Total (R$)
A63: Operador | B63: Unid | C63: =C51*C57 -> 25 | D63: =25.42*0.81 -> 20.5902 | E63: =C63*D63 -> 514.755
F64: =SUM(E63:E63) -> 514.755
A65: 1.4. Plano de Benefício Social (Seguro de vida)
A66: Discriminação | B66: Unidade | C66: Quantidade | D66: Custo unitário | E66: Subtotal | F66: Total (R$)
A67: Seguro de vida em Grupo | B67: unidade | C67: 1 | D67: 25 | E67: =C67*D67 -> 25
D68: Fator de util. | E68: 1 | F68: =SUM(E67:E67)*E68 -> 25
A70: Custo Mensal com Mão-de-obra (R$/mês) | F70: =F52+F59+F64+F68 -> 6202.7307
A72: 2. Uniformes e Equipamentos de Proteção Individual
A73: 2.1. Uniformes e EPIs
A74: Discriminação | B74: Unidade | C74: Durabilidade (meses) | D74: Custo unitário | E74: Subtotal | F74: Total (R$)
A75: Jaqueta com reflexivo (NBR 15.292) | B75: unidade | C75: 6 | D75: 170 | E75: =IFERROR(D75/C75,0) -> 28.333333
A76: Calça | B76: unidade | C76: 6 | D76: 75 | E76: =IFERROR(D76/C76,0) -> 12.5
A77: Camiseta manga curta com reflexivo | B77: unidade | C77: 4 | D77: 45 | E77: =IFERROR(D77/C77,0) -> 11.25
A78: Camiseta manga longa com reflexivo | B78: unidade | C78: 4 | D78: 43 | E78: =IFERROR(D78/C78,0) -> 10.75
A79: Chapeu ou Boné tipo arabé | B79: unidade | C79: 6 | D79: 50 | E79: =IFERROR(D79/C79,0) -> 8.3333333
A80: Botina de segurança | B80: par | C80: 6 | D80: 75 | E80: =IFERROR(D80/C80,0) -> 12.5
A81: Meia de algodão | B81: par | C81: 2 | D81: 12 | E81: =IFERROR(D81/C81,0) -> 6
A82: Capa de chuva amarela com reflexivo | B82: unidade | C82: 6 | D82: 55 | E82: =IFERROR(D82/C82,0) -> 9.1666667
A83: Luva de proteção | B83: par | C83: 1 | D83: 23.7 | E83: =IFERROR(D83/C83,0) -> 23.7
A84: Óculos de proteção de radiação solar | B84: Unidade | C84: 6 | D84: 15 | E84: =IFERROR(D84/C84,0) -> 2.5
A85: Protetor solar FPS 30 | B85: frasco 120g | C85: 4 | D85: 26 | E85: =IFERROR(D85/C85,0) -> 6.5
A86: Total do Efetivo | B86: homem | C86: =E35 -> 1 | D86: =+SUM(E75:E85) -> 131.53333 | E86: =C86*D86 -> 131.53333
D87: Fator de utilização | E87: =$B$41 -> 1 | F87: =E86*E87 -> 131.53333
A90: Custo Mensal com Uniformes e EPIs (R$/mês) | F90: =+F87 -> 131.53333
A92: 3. Veículos e Máquinas
A93: 3.1. Retroescavadeira
A94: 3.1.1. Depreciação
A95: Discriminação | B95: Unidade | C95: Quantidade | D95: Custo unitário | E95: Subtotal | F95: Total (R$)
A96: Custo de aquisição do chassis | B96: unidade | C96: 1 | D96: 300000 | E96: =C96*D96 -> 300000
A97: Vida útil do chassis | B97: anos | C97: 15
A98: Idade do veículo | B98: anos | C98: 0
A99: Depreciação do chassis | B99: % | C99: ='6. Depreciação'!B17 -> 70.73 | D99: =E96 -> 300000 | E99: =C99*D99/100 -> 212190
A100: Depreciação mensal do chassis | B100: mês | C100: =C97*12 -> 180 | D100: =IF(C98<=C97,E99,0) -> 212190 | E100: =IFERROR(D100/C100,0) -> 1178.8333
A101: Total da frota | B101: unidade | C101: 1 | D101: =E100 -> 1178.8333 | E101: =C101*D101 -> 1178.8333
D102: Fator de utilização | E102: =B41 -> 1 | F102: =E101*E102 -> 1178.8333
A104: 3.1.2. Remuneração do Capital
A105: Discriminação | B105: Unidade | C105: Quantidade | D105: Custo unitário | E105: Subtotal | F105: Total (R$)
A106: Custo do chassis | B106: unidade | C106: 1 | D106: =D96 -> 300000 | E106: =C106*D106 -> 300000
A107: Taxa de juros anual nominal | B107: % | C107: 12
A108: Valor do veículo proposto (V0) | B108: R$ | C108: =IFERROR(IF(C98<=C97,E96-(C99/(100*C97)*C98)*E96,E96-E99),0)*0.35 -> 105000
A109: Investimento médio total do chassis | B109: R$ | C109: =IFERROR(IF(C98>=C97,C108,((((C108)-(E96-E99))*(((C97-C98)+1)/(2*(C97-C98))))+(E96-E99))),0) -> 96978
A110: Remuneração mensal de capital do chassis | B110: R$ | D110: =C107*C109/12/100 -> 969.78 | E110: =D110 -> 969.78
A111: Total geral da frota | B111: unidade | C111: 1 | D111: =E110 -> 969.78 | E111: =C111*D111 -> 969.78
D112: Fator de utilização | E112: =E102 -> 1 | F112: =E111*E112 -> 969.78
A114: 3.1.3. Impostos e Seguros
A115: Discriminação | B115: Unidade | C115: Quantidade | D115: Custo unitário | E115: Subtotal | F115: Total (R$)
A116: Seguro contra terceiros | B116: unidade | C116: =C101 -> 1 | D116: 3500 | E116: =C116*D116 -> 3500
...

Sheet 3. Contentores
A1: Prefeitura Municipal de São Marcos
A2: 3. Higienização e Manutenção de Contentores
A3: Planilha de Composição de Custos
A5: Orçamento Sintético
A6: Descrição do Item | E6: Custo (R$/mês) | F6: %
A7: =A18 -> 1. Contentores | E7: =SUM(E8:E8) -> 3833.2 | F7: =IFERROR(E7/$E$10,0) -> 0.79630514
A8: =A19 -> 1.1 Higienização e manutenção dos contentores | E8: =F25 -> 3833.2 | F8: =IFERROR(E8/$E$10,0) -> 0.79630514
A9: =A29 -> 2. Benefícios e Despesas Indiretas - BDI | E9: =+F34 -> 980.53256 | F9: =IFERROR(E9/$E$10,0) -> 0.20369486
A10: PREÇO TOTAL MENSAL | E10: =E9+E7 -> 4813.7326 | F10: =F7+F9 -> 1
A12: Equipamentos | E12: Quantidade
A13: =+A18 -> 1. Contentores | E13: 100
A14: Total de Contentores | E14: =SUM(E13) -> 100
A16: Fator de utilização (FU) | B16: 1
A18: 1. Contentores
A19: 1.1 Higienização e manutenção dos contentores
A20: Discriminação | B20: Unidade | C20: Quantidade | D20: Custo unitário | E20: Subtotal | F20: Total (R$)
A21: Custo de lavagem | B21: Unidade | C21: =E13 -> 100 | D21: 40 | E21: =C21*D21 -> 4000
A22: Custo mensal com lavagem de contentores | B22: % | C22: 33.33 | D22: =E21 -> 4000 | E22: =D22*C22/100 -> 1333.2
A23: Custo mensal com manutenção, reposição e materiais | B23: Unidade | C23: =E13 -> 100 | D23: 25 | E23: =D23*C23 -> 2500
A24: Custo de perdas e reposição | B24: mês | C24: 1 | D24: =E23 -> 2500 | E24: =C24*D24 -> 2500
F25: =SUM(E22+E24) -> 3833.2
A27: CUSTO TOTAL MENSAL COM DESPESAS OPERACIONAIS (R$/mês) | F27: =F25 -> 3833.2
A29: 2. Benefícios e Despesas Indiretas - BDI
A30: Discriminação | B30: Unidade | C30: Quantidade | D30: Custo unitário | E30: Subtotal | F30: Total (R$)
A31: Benefícios e despesas indiretas | B31: % | C31: ='5.BDI'!C18 -> 0.2558 | D31: =+F27 -> 3833.2 | E31: =C31*D31 -> 980.53256
F32: =+E31 -> 980.53256
A34: CUSTO MENSAL COM BDI (R$/mês) | F34: =F32 -> 980.53256
A36: PREÇO MENSAL TOTAL (R$/mês) | F36: =F27+F34 -> 4813.7326
A38: Quantidade de contentores mês: | D38: =E13 -> 100 | E38: unidades
A40: PREÇO POR CONTAINER: [A/B] | E40: R$/UNIDADE | F40: =IFERROR(F36/D38,"-") -> 48.137326

Sheet 4.Encargos Sociais
A1: Orientações para preenchimento:
A2: 1. Preencha previamente os dados de entrada na planilha 3.CAGED
A3: Obs: Cada Empresa deve cotar seus encargos cfe legislação pertinente
A4: Composição dos Encargos Sociais
A5: Código | B5: Descrição | C5: Valor
A6: A1 | B6: INSS | C6: 0.2
A7: A2 | B7: SESI | C7: 0.015
A8: A3 | B8: SENAI | C8: 0.01
A9: A4 | B9: INCRA | C9: 0.002
A10: A5 | B10: SEBRAE | C10: 0.006
A11: A6 | B11: Salário educação | C11: 0.025
A12: A7 | B12: Seguro contra acidentes de trabalho | C12: 0.03
A13: A8 | B13: FGTS | C13: 0.08
A14: A | B14: SOMA GRUPO A | C14: =SUM(C6:C13) -> 0.368
A16: B1 | B16: Férias gozadas | C16: 0.0574
A17: B2 | B17: 13º salário | C17: 0.0833
A18: B3 | B18: Licença Paternidade | C18: 0.0006
A19: B4 | B19: Faltas justificadas | C19: 0.0082
A20: B5 | B20: Auxilio acidente de trabalho | C20: 0.0031
A21: B6 | B21: Auxilio doença | C21: 0.0166
A22: B | B22: SOMA GRUPO B | C22: =SUM(C16:C21) -> 0.1692
A24: C1 | B24: Aviso prévio indenizado | C24: 0.025
A25: C2 | B25: Férias indenizadas | C25: 0.0537
A26: C3 | B26: Férias indenizadas s/ aviso previo inden. | C26: 0.0043
A27: C4 | B27: Depósito rescisão sem justa causa | C27: 0.022
A28: C5 | B28: Indenização adicional | C28: 0.0027
A29: C | B29: SOMA GRUPO C | C29: =SUM(C24:C28) -> 0.1077
A31: D1 | B31: Reincidência de Grupo A sobre Grupo B | C31: =ROUND(C14*C22,4) -> 0.0623
A32: D2 | B32: Reincidência de Grupo A sobre aviso prévio indenizado | C32: =ROUND((C24*C14),4) -> 0.0092
A33: D | B33: SOMA GRUPO D | C33: =SUM(C31:C32) -> 0.0715
B34: SOMA (A+B+C+D) | C34: =C33+C29+C22+C14 -> 0.7164

Sheet 5.BDI
A1: Orientações para preenchimento:
A2: 1. Esta planilha é somente um modelo-base e deve ser ajustada conforme cada caso concreto.
A3: 2. Preencher somente células em amarelo
A4: Obs: Cada Empresa deve cotar seus tributos cfe legislação pertinente
A6: Composição do BDI - Benefícios e Despesas Indiretas
D8: Referência estudo TCE
D9: 1° Quartil | E9: Médio | F9: 3° Quartil
A10: Administração Central | B10: AC | C10: 0.05 | D10: 0.0297 | E10: 0.0508 | F10: 0.0627
A11: Seguros/Riscos/Garantias | B11: SRG | C11: 0.0133 | D11: =0.3%+0.56% -> 0.0086 | E11: =0.48%+0.85% -> 0.0133 | F11: =0.82%+0.89% -> 0.0171
A12: Lucro | B12: L | C12: 0.1 | D12: 0.0778 | E12: 0.1085 | F12: 0.1355
A13: Despesas Financeiras | B13: DF | C13: =(1+E13)^(E14/252)-1 -> 0.002251115 | D13: i | E13: 0.12
A14: Tributos - ISS | B14: T | C14: 0.03 | D14: DU | E14: 5
A15: Tributos - PIS/COFINS | C15: 0.0365
A16: Fórmula para o cálculo do BDI:
A17: {[(1+AC+SRG) x (1+L) x (1+DF)] / (1-T)} -1
A18: Resultado do cálculo do BDI: | C18: =ROUND((((1+C10+C11)*(1+C12)*(1+C13))/(1-(C14+C15))-1),4) -> 0.2558 | D18: 0.2143 | E18: 0.2717 | F18: 0.3362

Sheet 6. Depreciação
A1: Depreciação Referencial TCE/RS (%)
A2: Idade do veículo (ano) | B2: Depreciação Média
A3: 1 | B3: 33.63
A4: 2 | B4: 43.13
A5: 3 | B5: 48.68
A6: 4 | B6: 52.62
A7: 5 | B7: 55.68
A8: 6 | B8: 58.18
A9: 7 | B9: 60.29
A10: 8 | B10: 62.12
A11: 9 | B11: 63.73
A12: 10 | B12: 65.18
A13: 11 | B13: 66.48
A14: 12 | B14: 67.67
... A17: 15 | B17: 70.73

Sheet 7.Roteiros
B1: ROTAS DE COLETA | H1: TOTAL = ROTAS DE COLETA + TRANSPORTE - ORGÂNICO | N1: TOTAL = ROTAS DE COLETA + TRANSPORTE - SELETIVO | T1: TOTAL MENSAL = ROTAS DE COLETA + TRANSPORTE
B3: Rota 1 | H3: Resumo do Percurso - Coletas de Orgânico | N3: Resumo do Percurso - Coletas de Seletivo | T3: Total dos percursos Orgânicos
B4: Locais de coleta: Centro da cidade | H4: Coleta Rota 1 | N4: Coleta Rota 1 | T4: Rota | U4: Locais de Coleta | V4: Equipe | W4: Dias da semana | X4: Nu. Coleta Semanal | Z4: Distância: Coleta + Transporte | AA4: Und.
B5: Trecho | C5: Cor Linha | D5: Ponto a Ponto | E5: Distância | F5: Unid | H5: Prefeitura - Inicio da rota | K5: 0.55 | L5: km | N5: Prefeitura - Inicio da rota | Q5: 0.55 | R5: km
B6: Trecho 01 | D6: 1 - 2 | E6: 5693.66 | F6: m | H6: Início da rota - Final da rota | K6: =E12 -> 21.87683 | L6: km | N6: Início da rota - Final da rota | Q6: =E12 -> 21.87683 | R6: km | T6: Rota 1 | U6: Centro | V6: Equipe 1 | W6: Quarta e sábado | X6: 2 | Y6: x | Z6: =K9 -> 35.22683 | AA6: km
B7: Trecho 02 | D7: 2 - 3 | E7: 3302.01 | F7: m | H7: Final da rota - Área de Transbordo | K7: 6.3 | L7: km | N7: Final da rota - Centro de Triagem | Q7: 34.2 | R7: km | T7: Rota 2 | U7: Metade sul da área urbana | V7: Equipe 2 | W7: Segunda, quarta e sexta | X7: 3 | Y7: x | Z7: =K18 -> 61.68463 | AA7: km
B8: Trecho 03 | D8: 3 - 4 | E8: 4651.79 | F8: m | H8: Área de Transbordo - Prefeitura | K8: 6.5 | L8: km | N8: Centro de Triagem - Prefeitura | Q8: 34 | R8: km | T8: Rota 3 | U8: Metade norte da área urbana | V8: Equipe 2 | W8: Terça, quinta e sábado | X8: 3 | Y8: x | Z8: =K27 -> 82.66198 | AA8: km
B9: Trecho 04 | D9: 4 - 5 | E9: 2850.14 | F9: m | H9: Distância total diária: | K9: =SUM(K5:K8) -> 35.22683 | L9: km | N9: Distância total diária: | Q9: =SUM(Q5:Q8) -> 90.62683 | R9: km | T9: Rota 4 | U9: Centro + Pedras Brancas | V9: Equipe 1 | W9: Segunda e sexta | X9: 2 | Y9: x | Z9: =K36 -> 49.38382 | AA9: km
B10: Trecho 05 | D10: 5 - 6 | E10: 3890.67 | F10: m | T10: Rota 5 | U10: Centro + Linha São Luiz + BR 116 Linha Edith | V10: Equipe 1 | W10: Terça e quinta | X10: 2 | Y10: x | Z10: =K45 -> 71.65711 | AA10: km
B11: Trecho 06 | D11: 6 - 7 | E11: 1488.56 | F11: m
B12: Distância total da Rota: | E12: =SUM(E6:E11)/1000 -> 21.87683 | F12: km | H12: Resumo do Percurso - Coletas de Orgânico | N12: Resumo do Percurso - Coletas de Seletivo | T12: Total Semanal | Z12: =(Z6*X6)+(X7*Z7)+(X8*Z8)+(X9*Z9)+(X10*Z10) -> 745.57535 | AA12: Km
H13: Coleta Rota 2 | N13: Coleta Rota 2 | T13: Total Mensal | Z13: =((Z12/7)*30) -> 3195.3229 | AA13: Km
B14: Rota 2 | H14: Prefeitura - Inicio da rota | K14: 0.6 | L14: km | N14: Prefeitura - Inicio da rota | Q14: 0.6 | R14: km
B15: Locais de coleta: Metade sul da área urbana | H15: Início da rota - Final da rota | K15: =E27 -> 48.58463 | L15: km | N15: Início da rota - Final da rota | Q15: =E27 -> 48.58463 | R15: km
B16: Trecho | C16: Cor Linha | D16: Ponto a Ponto | E16: Distância | F16: Unid | H16: Final da rota - Área de Transbordo | K16: 6 | L16: km | N16: Final da rota - Centro de Triagem | Q16: 32.4 | R16: km | T16: Total dos percursos Seletivos
B17: Trecho 01 | D17: 1 - 2 | E17: 3893.42 | F17: m | H17: Área de Transbordo - Prefeitura | K17: 6.5 | L17: km | N17: Centro de Triagem - Prefeitura | Q17: 34 | R17: km | T17: Rota | U17: Coleta | V17: Equipe | W17: Dias da semana | X17: Nu. Coleta Semanal | Z17: Distância: Coleta + Transporte | AA17: Und.
B18: Trecho 02 | D18: 2 - 3 | E18: 2447.34 | F18: m | H18: Distância total diária: | K18: =SUM(K14:K17) -> 61.68463 | L18: km | N18: Distância total diária: | Q18: =SUM(Q14:Q17) -> 115.58463 | R18: km
B19: Trecho 03 | D19: 3 - 4 | E19: 3821.29 | F19: m | T19: Rota 1 | U19: Centro | V19: Equipe 3 | W19: Segunda, terça, quarta e sábado | X19: 4 | Y19: x | Z19: =Q9 -> 90.62683 | AA19: km
B20: Trecho 04 | D20: 4 - 5 | E20: 6133.34 | F20: m | T20: Rota 2 | U20: Metade sul da área urbana | V20: Equipe 4 | W20: Terça e quinta | X20: 2 | Y20: x | Z20: =Q18 -> 115.58463 | AA20: km
B21: Trecho 05 | D21: 5 - 6 | E21: 5831.89 | F21: m | H21: Resumo do Percurso - Coletas de Orgânico | N21: Resumo do Percurso - Coletas de Seletivo | T21: Rota 3 | U21: Metade norte da área urbana | V21: Equipe 4 | W21: Segunda e sexta | X21: 2 | Y21: x | Z21: =Q27 -> 136.56198 | AA21: km
B22: Trecho 06 | D22: 6 - 7 | E22: 5534.63 | F22: m | H22: Coleta Rota 3 | N22: Coleta Rota 3 | T22: Rota 5 | U22: Centro + Linha São Luiz + BR 116 Linha Edith | V22: Equipe 3 | W22: Sexta | X22: 1 | Y22: x | Z22: =Q36 -> 125.75711 | AA22: km
B23: Trecho 07 | D23: 7 - 8 | E23: 7414.72 | F23: m | H23: Prefeitura - Inicio da rota | K23: 1.2 | L23: km | N23: Prefeitura - Inicio da rota | Q23: 1.2 | R23: km | T23: Rota 6 | U23: Centro + Pedras Brancas + BR 116 Ponte São Marcos | V23: Equipe 3 | W23: Quinta | X23: 1 | Y23: x | Z23: =Q45 -> 98.06541 | AA23: km
B24: Trecho 08 | D24: 8 - 9 | E24: 3493.63 | F24: m | H24: Início da rota - Final da rota | K24: =E42 -> 65.26198 | L24: km | N24: Início da rota - Final da rota | Q24: =E42 -> 65.26198 | R24: km | T24: Seletivo Interior
B25: Trecho 09 | D25: 9 - 10 | E25: 3990.75 | F25: m | H25: Final da rota - Área de Transbordo | K25: 9.7 | L25: km | N25: Final da rota - Centro de Triagem | Q25: 36.1 | R25: km | T25: Rota 7 | U25: Zambicari, Marechal Deodoro, Tuiuti, Ilhéus e Humaitá | V25: Equipe 4 | W25: 1ª Quarta do mês | X25: 0.233 | Y25: x | Z25: =Q54 -> 124.31553 | AA25: km
B26: Trecho 10 | D26: 10 - 11 | E26: 6023.62 | F26: m | H26: Área de Transbordo - Prefeitura | K26: 6.5 | L26: km | N26: Centro de Triagem - Prefeitura | Q26: 34 | R26: km | T26: Rota 8 | U26: Riachuelo, Edith, Santana, Rosita, Rosita Fundos e Tiradentes | V26: Equipe 4 | W26: 2ª Quarta do mês | X26: 0.233 | Y26: x | Z26: =Q63 -> 127.05081 | AA26: km
B27: Distância total da Rota: | E27: =SUM(E17:E26)/1000 -> 48.58463 | F27: km | H27: Distância total diária: | K27: =SUM(K23:K26) -> 82.66198 | L27: km | N27: Distância total diária: | Q27: =SUM(Q23:Q26) -> 136.56198 | R27: km | T27: Rota 9 | U27: Polidoros, Zamoner, Santo Henrique e Rosita Sul | V27: Equipe 4 | W27: 3ª Quarta do mês | X27: 0.233 | Y27: x | Z27: =Q72 -> 93.84586 | AA27: km
T28: Rota 10 | U28: São Roque, São Jacó e interior de Pedras Brancas | V28: Equipe 4 | W28: 4ª Quarta do mês | X28: 0.233 | Y28: x | Z28: =Q81 -> 91.23843 | AA28: km
B29: Rota 3
B30: Locais de coleta: Metade norte da área urbana | H30: Resumo do Percurso - Coletas de Orgânico | N30: Resumo do Percurso - Coletas de Seletivo | T30: Total Semanal | Z30: =(X19*Z19)+(X20*Z20)+(X21*Z21)+(X22*Z22)+(X23*Z23)+(X25*Z25)+(X26*Z26)+(X27*Z27)+(X28*Z28) -> 1192.3161 | AA30: Km
B31: Trecho | C31: Cor Linha | D31: Ponto a Ponto | E31: Distância | F31: Unid | H31: Coleta Rota 4 | N31: Coleta Rota 5 | T31: Total Mensal | Z31: =((Z30/7)*30) -> 5109.926 | AA31: Km
B32: Trecho 01 | D32: 1 - 2 | E32: 8538.44 | F32: m | H32: Prefeitura - Inicio da rota | K32: 0.55 | L32: km | N32: Prefeitura - Inicio da rota | Q32: 0.55 | R32: km
B33: Trecho 02 | D33: 2 - 3 | E33: 7167.11 | F33: m | H33: Início da rota - Final da rota | K33: =E56 -> 37.93382 | L33: km | N33: Início da rota - Final da rota | Q33: =E73 -> 45.80711 | R33: km
B34: Trecho 03 | D34: 3 - 4 | E34: 4797.45 | F34: m | H34: Final da rota - Área de Transbordo | K34: 4.4 | L34: km | N34: Final da rota - Centro de Triagem | Q34: 45.4 | R34: km
B35: Trecho 04 | D35: 4 - 5 | E35: 5412.69 | F35: m | H35: Área de Transbordo - Prefeitura | K35: 6.5 | L35: km | N35: Centro de Triagem - Prefeitura | Q35: 34 | R35: km
B36: Trecho 05 | D36: 5 - 6 | E36: 7133.4 | F36: m | H36: Distância total diária: | K36: =SUM(K32:K35) -> 49.38382 | L36: km | N36: Distância total diária: | Q36: =SUM(Q32:Q35) -> 125.75711 | R36: km
B37: Trecho 06 | D37: 6 - 7 | E37: 7445.24 | F37: m
B38: Trecho 07 | D38: 7 - 8 | E38: 9627.64 | F38: m
B39: Trecho 08 | D39: 8 - 9 | E39: 4130.66 | F39: m | H39: Resumo do Percurso - Coletas de Orgânico | N39: Resumo do Percurso - Coletas de Seletivo
B40: Trecho 09 | D40: 9 - 10 | E40: 2783.87 | F40: m | H40: Coleta Rota 5 | N40: Coleta Rota 6
B41: Trecho 10 | D41: 10 - 11 | E41: 8225.48 | F41: m | H41: Prefeitura - Inicio da rota | K41: 0.55 | L41: km | N41: Prefeitura - Inicio da rota | Q41: 0.55 | R41: km
B42: Distância total da Rota: | E42: =SUM(E32:E41)/1000 -> 65.26198 | F42: km | H42: Início da rota - Final da rota | K42: =E73 -> 45.80711 | L42: km | N42: Início da rota - Final da rota | Q42: =E90 -> 45.21541 | R42: km
H43: Final da rota - Área de Transbordo | K43: 18.8 | L43: km | N43: Final da rota - Centro de Triagem | Q43: 18.3 | R43: km
B44: Rota 4 | H44: Área de Transbordo - Prefeitura | K44: 6.5 | L44: km | N44: Centro de Triagem - Prefeitura | Q44: 34 | R44: km
B45: Locais de coleta: Centro + Pedras Brancas | H45: Distância total diária: | K45: =SUM(K41:K44) -> 71.65711 | L45: km | N45: Distância total diária: | Q45: =SUM(Q41:Q44) -> 98.06541 | R45: km
B46: Trecho | C46: Cor Linha | D46: Ponto a Ponto | E46: Distância | F46: Unid
B47: Trecho 01 | D47: 1 - 2 | E47: =E6 -> 5693.66 | F47: m
B48: Trecho 02 | D48: 2 - 3 | E48: =E7 -> 3302.01 | F48: m | N48: Resumo do Percurso - Coletas de Seletivo Interior
B49: Trecho 03 | D49: 3 - 4 | E49: =E8 -> 4651.79 | F49: m | N49: Coleta Rota 7
B50: Trecho 04 | D50: 4 - 5 | E50: =E9 -> 2850.14 | F50: m | N50: Prefeitura - Inicio da rota | Q50: 2.2 | R50: km
B51: Trecho 05 | D51: 5 - 6 | E51: =E10 -> 3890.67 | F51: m | N51: Início da rota - Final da rota | Q51: =E96 -> 52.61553 | R51: km
B52: Trecho 06 | D52: 6 - 7 | E52: =E11 -> 1488.56 | F52: m | N52: Final da rota - Centro de Triagem | Q52: 35.5 | R52: km
B53: Trecho 07 | C53: Deslocamento | D53: 7 - 8 | E53: 5500 | F53: m | N53: Centro de Triagem - Prefeitura | Q53: 34 | R53: km
B54: Trecho 08 | D54: 8 - 9 | E54: 6041.15 | F54: m | N54: Distância total diária: | Q54: =SUM(Q50:Q53) -> 124.31553 | R54: km
B55: Trecho 09 | D55: 9 - 10 | E55: 4515.84 | F55: m
B56: Distância total da Rota: | E56: =SUM(E47:E55)/1000 -> 37.93382 | F56: km
N57: Resumo do Percurso - Coletas de Seletivo Interior
B58: Rota 5 | N58: Coleta Rota 8
B59: Locais de coleta: Centro + Linha São Luiz + BR 116 Linha Edith | N59: Prefeitura - Inicio da rota | Q59: 4.6 | R59: km
B60: Trecho | C60: Cor Linha | D60: Ponto a Ponto | E60: Distância | F60: Unid | N60: Início da rota - Final da rota | Q60: =E102 -> 51.15081 | R60: km
B61: Trecho 01 | D61: 1 - 2 | E61: =E6 -> 5693.66 | F61: m | N61: Final da rota - Centro de Triagem | Q61: 37.3 | R61: km
B62: Trecho 02 | D62: 2 - 3 | E62: =E7 -> 3302.01 | F62: m | N62: Centro de Triagem - Prefeitura | Q62: 34 | R62: km
B63: Trecho 03 | D63: 3 - 4 | E63: =E8 -> 4651.79 | F63: m | N63: Distância total diária: | Q63: =SUM(Q59:Q62) -> 127.05081 | R63: km
B64: Trecho 04 | D64: 4 - 5 | E64: =E9 -> 2850.14 | F64: m
B65: Trecho 05 | D65: 5 - 6 | E65: =E10 -> 3890.67 | F65: m
B66: Trecho 06 | D66: 6 - 7 | E66: =E11 -> 1488.56 | F66: m | N66: Resumo do Percurso - Coletas de Seletivo Interior
B67: Trecho 07 | C67: Deslocamento | D67: 7 - 8 | E67: 2500 | F67: m | N67: Coleta Rota 9
B68: Trecho 08 | D68: 8 - 9 | E68: 2750.71 | F68: m | N68: Prefeitura - Inicio da rota | Q68: 3.3 | R68: km
B69: Trecho 09 | D69: 9 - 10 | E69: 3129.91 | F69: m | N69: Início da rota - Final da rota | Q69: =E108 -> 20.94586 | R69: km
B70: Trecho 10 | C70: Deslocamento | D70: 10 - 11 | E70: 8800 | F70: m | N70: Final da rota - Centro de Triagem | Q70: 35.6 | R70: km
B71: Trecho 11 | D71: 11- 12 | E71: 3837.71 | F71: m | N71: Centro de Triagem - Prefeitura | Q71: 34 | R71: km
B72: Trecho 12 | D72: 12 - 13 | E72: 2911.95 | F72: m | N72: Distância total diária: | Q72: =SUM(Q68:Q71) -> 93.84586 | R72: km
B73: Distância total da Rota: | E73: =SUM(E61:E72)/1000 -> 45.80711 | F73: km
B75: Rota 6 | N75: Resumo do Percurso - Coletas de Seletivo Interior
B76: Locais de coleta: Centro + Pedras Brancas + BR 116 Ponte São Marcos | N76: Coleta Rota 10
B77: Trecho | C77: Cor Linha | D77: Ponto a Ponto | E77: Distância | F77: Unid | N77: Prefeitura - Inicio da rota | Q77: 2.9 | R77: km
B78: Trecho 01 | D78: 1 - 2 | E78: =E6 -> 5693.66 | F78: m | N78: Início da rota - Final da rota | Q78: =E114 -> 31.13843 | R78: km
B79: Trecho 02 | D79: 2 - 3 | E79: =E7 -> 3302.01 | F79: m | N79: Final da rota - Centro de Triagem | Q79: 23.2 | R79: km
B80: Trecho 03 | D80: 3 - 4 | E80: =E8 -> 4651.79 | F80: m | N80: Centro de Triagem - Prefeitura | Q80: 34 | R80: km
B81: Trecho 04 | D81: 4 - 5 | E81: =E9 -> 2850.14 | F81: m | N81: Distância total diária: | Q81: =SUM(Q77:Q80) -> 91.23843 | R81: km
B82: Trecho 05 | D82: 5 - 6 | E82: =E10 -> 3890.67 | F82: m
B83: Trecho 06 | D83: 6 - 7 | E83: =E11 -> 1488.56 | F83: m
B84: Trecho 07 | C84: Deslocamento | D84: 7 - 8 | E84: 5500 | F84: m
B85: Trecho 08 | D85: 8 - 9 | E85: 6041.15 | F85: m
B86: Trecho 09 | D86: 9 - 10 | E86: 4515.84 | F86: m
B87: Trecho 10 | C87: Deslocamento | D87: 10 - 11 | E87: 1500 | F87: m
B88: Trecho 11 | D88: 11- 12 | E88: 2641.43 | F88: m
B89: Trecho 12 | D89: 12 - 13 | E89: 3140.16 | F89: m
B90: Distância total da Rota: | E90: =SUM(E78:E89)/1000 -> 45.21541 | F90: km
B92: Rota 7 - Interior
B93: Locais de coleta: Zambicari, Marechal Deodoro, Tuiuti, Ilhéus e Humaitá
B94: Trecho | C94: Cor Linha | D94: Ponto a Ponto | E94: Distância | F94: Unid
B95: Trecho 01 | D95: 1 - 2 | E95: 52615.53 | F95: m
B96: Distância total da Rota: | E96: =SUM(E95:E95)/1000 -> 52.61553 | F96: km
B98: Rota 8 - Interior
B99: Riachuelo, Edith, Santana, Rosita, Rosita Fundos e Tiradentes
B100: Trecho | C100: Cor Linha | D100: Ponto a Ponto | E100: Distância | F100: Unid
B101: Trecho 01 | D101: 1 - 2 | E101: 51150.81 | F101: m
B102: Distância total da Rota: | E102: =SUM(E101:E101)/1000 -> 51.15081 | F102: km
B104: Rota 9 - Interior
B105: Polidoros, Zamoner, Santo Henrique e Rosita Sul
...

Sheet 8.Horários
A1: Prefeitura Municipal de São Marcos
A2: Planilha com os horários dos funcionários coleta de resíduos orgânicos e seletivos
A3: Periodicidade: Segunda à sábado
A4: Previsão de 01 hora de intervalo
A5: Equipe 1
A6: Rota | B6: Nr. Func. | C6: Cargo | D6: Dias | E6: Entrada | F6: Saída | G6: Total Horas | M6: Kms | N6: Média/km/hrs
A7: Rota 1 | B7: 2 | C7: Coletor e Motorista | D7: Quarta e sábado | E7: 0.29166667 | F7: 0.5625 | G7: 0.22916667 | H7: =F7-E7 -> 0.27083333 | I7: 11 | J7: 11 | K7: =SUM(I7:I9) -> 42 | M7: ='7.Roteiros'!K9*2 -> 70.45366 | N7: =M7/I7 -> 6.4048782
A8: Rota 4 | B8: 2 | C8: Coletor e Motorista | D8: Segunda e sexta | E8: 0.29166667 | F8: 0.625 | G8: 0.29166667 | H8: =F8-E8 -> 0.33333333 | I8: 14 | J8: 14 | K8: 44 | M8: ='7.Roteiros'!K36*2 -> 98.76764 | N8: =M8/I8 -> 7.0548314
A9: Rota 5 | B9: 2 | C9: Coletor e Motorista | D9: Terça e quinta | E9: 0.29166667 | F9: 0.6875 | G9: 0.35416667 | H9: =F9-E9 -> 0.39583333 | I9: 17 | J9: 17 | K9: =K7/K8 -> 0.95454545 | M9: ='7.Roteiros'!K45*2 -> 143.31422 | N9: =M9/I9 -> 8.4302482
A11: Equipe 2
A12: Rota | B12: Nr. Func. | C12: Cargo | D12: Dias | E12: Entrada | F12: Saída | G12: Total Horas | M12: Kms | N12: Média/km/hrs
A13: Rota 2 | B13: 2 | C13: Coletor e Motorista | D13: Segunda , quarta e sexta | E13: 0.29166667 | F13: 0.625 | G13: 0.29166667 | H13: =F13-E13 -> 0.33333333 | I13: =7*3 -> 21 | J13: 21 | K13: =SUM(I13:I14) -> 46.5 | M13: ='7.Roteiros'!K18*3 -> 185.05389 | N13: =M13/I13 -> 8.81209
A14: Rota 3 | B14: 2 | C14: Coletor e Motorista | D14: Terça, quinta e sábado | E14: 0.29166667 | F14: 0.6875 | G14: 0.35416667 | H14: =F14-E14 -> 0.39583333 | I14: =8.5*3 -> 25.5 | J14: 25.5 | K14: 44 | L14: =K13/K14 -> 1.0568182 | M14: ='7.Roteiros'!K27*3 -> 247.98594 | N14: =M14/I14 -> 9.7249388
A16: Equipe 3
A17: Rota | B17: Nr. Func. | C17: Cargo | D17: Dias | E17: Entrada | F17: Saída | G17: Total Horas | M17: Kms | N17: Média/km/hrs
A18: Rota 1 | B18: 2 | C18: Coletor | D18: Segunda, terça, quarta e sábado | E18: 0.29166667 | F18: 0.5625 | G18: 0.22916667 | H18: =F18-E18 -> 0.27083333 | I18: =5.5*4 -> 22 | K18: =SUM(I18:I20) -> 35 | M18: ='7.Roteiros'!K6*4 -> 87.50732 | N18: =M18/I18 -> 3.9776055
A19: Rota 5 | B19: 2 | C19: Coletor | D19: Sexta | E19: 0.29166667 | F19: 0.60416667 | G19: 0.27083333 | H19: =F19-E19 -> 0.3125 | I19: 6.5 | K19: 44 | L19: =K18/K19 -> 0.79545455 | M19: ='7.Roteiros'!Q33*1 -> 45.80711 | N19: =M19/I19 -> 7.0472477
A20: Rota 6 | B20: 2 | C20: Coletor | D20: Quinta | E20: 0.29166667 | F20: 0.60416667 | G20: 0.27083333 | H20: =F20-E20 -> 0.3125 | I20: 6.5 | M20: ='7.Roteiros'!Q42 -> 45.21541 | N20: =M20/I20 -> 6.9562169
A21: Rota 1 | B21: 2 | C21: Motorista | D21: Segunda, terça, quarta e sábado | E21: 0.29166667 | F21: 0.625 | G21: 0.29166667 | H21: =F21-E21 -> 0.33333333 | J21: =7*4 -> 28 | L21: =SUM(J21:J23) -> 44 | M21: ='7.Roteiros'!Q9*4 -> 362.50732 | N21: =M21/J21 -> 12.94669
A22: Rota 5 | B22: 2 | C22: Motorista | D22: Sexta | E22: 0.29166667 | F22: 0.66666667 | G22: 0.33333333 | H22: =F22-E22 -> 0.375 | J22: 8 | L22: 44 | M22: ='7.Roteiros'!Q36*1 -> 125.75711 | N22: =M22/J22 -> 15.719639
A23: Rota 6 | B23: 2 | C23: Motorista | D23: Quinta | E23: 0.29166667 | F23: 0.66666667 | G23: 0.33333333 | H23: =F23-E23 -> 0.375 | J23: 8 | L23: =L21/L22 -> 1 | M23: ='7.Roteiros'!Q45 -> 98.06541 | N23: =M23/J23 -> 12.258176
A25: Equipe 4
A26: Rota | B26: Nr. Func. | C26: Cargo | D26: Dias | E26: Entrada | F26: Saída | G26: Total Horas | M26: Kms | N26: Média/km/hrs
A27: Rota 2 | B27: 2 | C27: Coletor | D27: Terça e quinta | E27: 0.29166667 | F27: 0.60416667 | G27: 0.27083333 | H27: =F27-E27 -> 0.3125 | I27: 13 | K27: =SUM(I27:I29) -> 34.5 | M27: ='7.Roteiros'!Q15*2 -> 97.16926 | N27: =M27/I27 -> 7.4745585
A28: Rota 3 | B28: 2 | C28: Coletor | D28: Segunda e sexta | E28: 0.29166667 | F28: 0.625 | G28: 0.29166667 | H28: =F28-E28 -> 0.33333333 | I28: 14 | K28: 44 | L28: =K27/K28 -> 0.78409091 | M28: ='7.Roteiros'!Q24*2 -> 130.52396 | N28: =M28/I28 -> 9.32314
A29: Rota 7; 8; 9 e 10 | B29: 2 | C29: Coletor | D29: Quarta | E29: 0.29166667 | F29: 0.64583333 | G29: 0.3125 | H29: =F29-E29 -> 0.35416667 | I29: 7.5 | M29: =('7.Roteiros'!Q51+'7.Roteiros'!Q60+'7.Roteiros'!Q50+'7.Roteiros'!Q59+'7.Roteiros'!Q68+'7.Roteiros'!Q69+'7.Roteiros'!Q77+'7.Roteiros'!Q78)/4 -> 42.212657 | N29: =M29/I29 -> 5.6283543
A30: Rota 2 | B30: 2 | C30: Motorista | D30: Terça e quinta | E30: 0.29166667 | F30: 0.6875 | G30: 0.35416667 | H30: =F30-E30 -> 0.39583333 | J30: 17 | L30: =SUM(J30:J32) -> 43.6 | M30: ='7.Roteiros'!Q18*2 -> 231.16926 | N30: =M30/J30 -> 13.598192
A31: Rota 3 | B31: 2 | C31: Motorista | D31: Segunda e sexta | E31: 0.29166667 | F31: 0.7 | G31: 0.36666667 | H31: =F31-E31 -> 0.40833333 | J31: =8.8*2 -> 17.6 | L31: 44 | M31: ='7.Roteiros'!Q27*2 -> 273.12396 | N31: =M31/J31 -> 15.518407
A32: Rota 7; 8; 9 e 10 | B32: 2 | C32: Motorista | D32: Quarta | E32: 0.29166667 | F32: 0.70833333 | G32: 0.375 | H32: =F32-E32 -> 0.41666667 | J32: 9 | L32: =L30/L31 -> 0.99090909 | M32: =('7.Roteiros'!Q54+'7.Roteiros'!Q63+'7.Roteiros'!Q72+'7.Roteiros'!Q81)/4 -> 109.11266 | N32: =M32/J32 -> 12.123629
A36: Cargo: Coletor de resíduos orgânicos e seletivos | I36: =SUM(I7:I32) -> 158 | J36: =SUM(J7:J32) -> 176.1
A37: Total de horas por coletor | F37: 6.583 | I37: 4 | J37: 4 | M37: =M7+M8+M9+M13+M14+M18+M19+M20+M27+M28+M29 -> 1194.0111 | N37: =N7+N8+N9+N13+N14+N18+N19+N20+N27+N28+N29 -> 80.83411
A38: Total de dias por semana | F38: 6 | I38: =I36/I37 -> 39.5 | J38: =J36/J37 -> 44.025 | M38: =I38*4 -> 158
A39: Total de horas por semana | F39: =F37*F38 -> 39.498 | I39: 44 | J39: 44 | M39: =M37/M38 -> 7.5570321 | N39: Média de kms/hora
A40: Dias úteis semana | F40: 6 | I40: =I38/I39 -> 0.89772727 | J40: =J38/J39 -> 1.0005682
A41: Total de dias com (DSR) Descanso Semanal Remunerado | F41: 7
A42: Total de horas/dia com (DSR) | F42: =F39/F40 -> 6.583 | I42: =I38/6 -> 6.5833333 | J42: =J38/6 -> 7.3375
A43: Total de dias no mês (30 dias) | F43: 30
A44: Total geral de horas mês com (DSR) | F44: =F42*F43 -> 197.49
A45: Total geral de horas base mês com (DSR) | F45: 220
A46: Fator de utilização | F46: =F44/F45 -> 0.89768182
A48: Cargo: Motorista de resíduos orgânicos e seletivos
A49: Total de horas por motorista | F49: 7.3334
A50: Total de dias por semana | F50: 6
A51: Total de horas por semana | F51: =F49*F50 -> 44.0004
A52: Dias úteis semana | F52: 6
A53: Total de dias com (DSR) Descanso Semanal Remunerado | F53: 7
A54: Total de horas/dia com (DSR) | F54: =F51/F52 -> 7.3334
A55: Total de dias no mês (30 dias) | F55: 30
A56: Total geral de horas mês com (DSR) | F56: =F54*F55 -> 220.002
A57: Total geral de horas base mês com (DSR) | F57: 220
A58: Fator de utilização | F58: =F56/F57 -> 1.0000091
